 Dungeon Crawl Stone Soup version 0.31-a0-983-g7b6862f502 (webtiles) character file.

Game seed: 3269140061415581697

377 voltaire321 the Ducker (level 6, -1/47 HPs)
             Began as a Demonspawn Gladiator on Nov 2, 2023.
             Was a Follower of Wu Jian.
             Slain by a mummy (16 damage)
             ... in an ossuary.
             The game lasted 00:07:57 (2602 turns).

voltaire321 the Ducker (Demonspawn Gladiator)       Turns: 2602, Time: 00:07:58

Health: -1/47      AC:  7    Str: 16    XL:     6   Next: 45%
Magic:  6/6        EV: 11    Int:  9    God:    Wu Jian [*.....]
Gold:   148        SH:  8    Dex: 15    Spells: 5/5 levels left

rFire   . . .        a - +0 long sword
rCold   . . .        p - +0 kite shield
rNeg    . . .        g - +0 ring mail
rPois   .            c - +0 helmet
rElec   .            m - +0 cloak
rCorr   .            (no gloves)
SInv    .            (no boots)
Will    .....        (no amulet)
Stlth   +            (no ring)
HPRegen 0.27/turn    (no ring)
MPRegen 0.10/turn

%: no passive effects
@: no status effects
A: ignite blood 1, sturdy frame 2
a: Renounce Religion


You were in an ossuary.
You worshipped Wu Jian.
Wu Jian was aware of your devotion.
You visited 1 branch of the dungeon, and saw 4 of its levels.
You also visited: Ossuary.

You collected 148 gold pieces.

Inventory:

Hand Weapons
 a - a +0 long sword (weapon)
Missiles
 d - 3 throwing nets (quivered)
 e - a javelin
 i - 9 poisoned darts
Armour
 c - a +0 helmet (worn)
 g - a +0 ring mail (worn)
 m - a +0 cloak (worn)
 p - a +0 kite shield (worn)
Wands
 v - a wand of flame (14)
Scrolls
 b - 3 scrolls of teleportation
 h - 2 scrolls of fog {unknown}
 j - 3 scrolls of poison {unknown}
 k - 2 scrolls of butterflies {unknown}
 l - a scroll of immolation {unknown}
 n - 2 scrolls of identify {unknown}
 o - a scroll of fear {unknown}
 q - a scroll of revelation {unknown}
 r - a scroll of acquirement {unknown}
 t - a scroll of enchant armour {unknown}
 u - a scroll of enchant weapon {unknown}
Potions
 f - 2 potions of heal wounds
 s - a potion of brilliance {unknown}
 w - a potion of degeneration {unknown}
 x - a potion of ambrosia {unknown}


   Skills:
 + Level 3.5 Fighting
 + Level 3.9 Long Blades
 - Level 1.7 Throwing
 + Level 2.5 Armour
 + Level 3.9 Dodging
 + Level 1.9 Shields


You had 5 spell levels left.
You didn't know any spells.
Your spell library contained the following spells:

 Spells                   Type           Power      Damage    Failure   Level
 Apportation              Tloc           0%         N/A       80%         1
 Magic Dart               Conj           0%         1d3       80%         1
 Call Imp                 Summ           0%         N/A       91%         2
 Jinxbite                 Hex            0%         N/A       91%         2
 Mephitic Cloud           Conj/Pois/Air  0%         N/A       99%         3
 Alistair's Intoxication  Tmut/Pois      0%         N/A       100%        5
 Borgnjor's Vile Clutch   Necr/Erth      0%         N/A       100%        5
 Eringya's Noxious Bog    Tmut/Pois      0%         4d6       100%        6


Dungeon Overview and Level Annotations

Branches:
Dungeon (4/15)            Ossuary (1/1)
 Temple: D:4-7

Altars:
Wu Jian


Innate Abilities, Weirdness & Mutations

Your demonic aura sometimes causes spilled blood to erupt in flames.
Your movements are less encumbered by armour. (ER -4)


Message History

* * * LOW HITPOINT WARNING * * *
You hit the mummy but do no damage.
The mummy is almost destroyed.
The mummy misses you.
You hit the mummy.
The mummy is almost destroyed.
The mummy completely misses you.
You closely miss the mummy.
The mummy is almost destroyed.
You slash the mummy!
You destroy the mummy!
The Council accepts your kill.
You hit the mummy but do no damage. The mummy hits you.
* * * LOW HITPOINT WARNING * * *
You completely miss the mummy. The mummy barely misses you.
You feel much better.
You barely miss the mummy. You block the mummy's attack.
You barely miss the mummy. You block the mummy's attack.
You slash the mummy!
The mummy is moderately damaged.
You block the mummy's attack.
You slash the mummy!
The mummy is severely damaged.
The mummy closely misses you.
You barely miss the mummy.
The mummy is severely damaged.
You barely miss the mummy.
The mummy is severely damaged.
The mummy barely misses you.
You hit the mummy.
The mummy is severely damaged.
The mummy hits you!
* * * LOW HITPOINT WARNING * * *
You barely miss the mummy.
The mummy is severely damaged.
The mummy misses you.
You hit the mummy but do no damage.
The mummy is severely damaged.
The mummy hits you!
You die...

##########################
#∩........................
#.........................
#..###'###'###'###'###+##
#..#...#...#...#@M.#
#..#.###'#####'###'##
#..#.#....#....#....#
#..###....#....#..M.# #..+
#....#....#....# #..#
#....#....#....#
#############M##
........M# .........#


You could see a mummy.

Vanquished Creatures
  A scorpion (D:4)
  A howler monkey (D:4)
  2 centaur zombies (Ossuary)
  A jelly (D:4)
  4 mummies (Ossuary)
  5 adders
  An adder zombie (Ossuary)
  A worm (D:4)
  A dart slug (D:1)
  An orc (D:4)
  10 ball pythons
  3 endoplasms
  3 giant cockroaches
  4 goblins
  7 hobgoblins
  8 quokkas
  6 bats
  4 frilled lizards
  2 goblin zombies (Ossuary)
  2 hobgoblin zombies (Ossuary)
  7 kobolds
  A quokka zombie (Ossuary)
  12 rats
  A rat zombie (Ossuary)
88 creatures vanquished.

Notes
Turn   | Place    | Note
-------+----------+-------------------------------------------
     0 | D:1      | voltaire321 the Demonspawn Gladiator began the quest for
                  | the Orb.
     0 | D:1      | Reached XP level 1. HP: 16/16 MP: 1/1
   137 | D:1      | Gained mutation: Your movements are slightly less
                  | encumbered by armour. (ER -2) [demonic ancestry]
   137 | D:1      | Reached XP level 2. HP: 22/22 MP: 2/2
   401 | D:1      | Reached skill level 1 in Armour
   703 | D:2      | Gained mutation: Your movements are less encumbered by
                  | armour. (ER -4) [demonic ancestry]
   703 | D:2      | Reached XP level 3. HP: 27/28 MP: 3/3
   831 | D:2      | Found a faded altar of an unknown god.
   926 | D:2      | Found an ornate altar of the Wu Jian Council.
   940 | D:2      | Became a worshipper of the Wu Jian Council
  1672 | D:3      | Identified the +3 leather armour of Fortitude {Harm rElec
                  | MP-9 Str+5}
  1732 | D:3      | Reached XP level 4. HP: 30/34 MP: 4/4
  2270 | D:4      | Noticed a scorpion
  2277 | D:4      | Killed a scorpion
  2278 | D:4      | Reached skill level 1 in Shields
  2278 | D:4      | Reached XP level 5. HP: 29/41 MP: 5/5
  2390 | D:4      | Reached * piety under Wu Jian
  2439 | D:4      | Found a sand-covered staircase.
  2446 | Ossuary  | Entered an ossuary
  2500 | Ossuary  | Gained mutation: Your demonic aura sometimes causes spilled
                  | blood to erupt in flames. [demonic ancestry]
  2500 | Ossuary  | Reached XP level 6. HP: 39/47 MP: 6/6
  2602 | Ossuary  | Slain by a mummy

Illustrated notes

Levels and vault maps discovered:
D:1:      minmay_arrival_loop, layout_basic, serial_glass, glass_columns_b,
          glass_columns_c, minmay_misc_feat_rows
D:2:      wad_woods_stonehenge, layout_basic, hellmonk_ecumenical_altar_lost_god
D:3:      layout_basic, st_stairs_11, chequers_serial_rivers_small_3
D:4:      layout_loops_ring, dreamdust_divine_triumvirate,
          lightli_ossuary_entry_decrepit_ruins, portal_sewer_entry_c
Ossuary:  ossuary_boxes_badplayer

Skill      XL: |  1  2  3  4  5 |
---------------+----------------+-----
Dodging        | 3 |  3.9
Long Blades    | 3 |  3.9
Armour         | 1 2 |  2.5
Fighting       | 3 |  3.5
Shields        | 1 |  1.9
Throwing       | |  1.7

Action                     |  1- 3 |  4- 6 || total
---------------------------+-------+-------++-------
  Melee: Long sword        |   139 |   172 ||   311
         Punch             |     1 |       ||     1
Ability: Lunge             |     3 |     7 ||    10
         Whirlwind         |       |     4 ||     4
    Use: Scroll            |       |     1 ||     1
         Potion            |       |     2 ||     2
   Stab: Sleeping          |     3 |       ||     3
         Distracted        |       |     1 ||     1
 Armour: Ring mail         |   101 |   104 ||   205
  Dodge: Dodged            |   101 |    95 ||   196
  Block: Kite shield       |     3 |    73 ||    76

Table legend: (Time is in decaauts)
 A = Elapsed time spent in this place.
 B = Non-inter-level travel time spent in this place.
 C = Inter-level travel time spent in this place.
 D = Time resting spent in this place.
 E = Time spent auto-exploring this place.
 F = Levels seen in this place.
 G = Mean time per level.
                   A        B        C        D        E       F      G
               +--------+--------+--------+--------+--------+-----+--------+
         Total |   2706 |   2605 |    101 |    110 |   1455 |   5 |  541.2 |
       Dungeon |   2517 |   2416 |    101 |    110 |   1455 |   4 |  629.2 |
       Ossuary |    189 |    189 |      0 |      0 |      0 |   1 |  189.0 |
               +--------+--------+--------+--------+--------+-----+--------+

Top non-repeatable levels by time:
     D:2: 1128 daAuts
     D:3: 569 daAuts
     D:1: 535 daAuts
     D:4: 284 daAuts
 Ossuary: 189 daAuts
